 Dungeon Crawl Stone Soup version 0.22.0-78-g6c94d2c (webtiles) character file.

12434 MalarOregon the Cleaver (level 11, 0/95 HPs)
             Began as a Hill Orc Fighter on Sept 16, 2018.
             Was a High Priest of the Shining One.
             Slain by a yak (12 damage)
             ... on level 11 of the Dungeon.
             The game lasted 00:23:47 (12611 turns).

MalarOregon the Cleaver (Hill Orc Fighter)         Turns: 12611, Time: 00:23:48

Health: 0/95       AC:  8    Str: 20    XL:     11   Next: 93%
Magic:  17/17      EV: 10    Int: 11    God:    the Shining One [*****.]
Gold:   604        SH: 17    Dex: 10    Spells: 5/10 levels left

rFire    . . .     SeeInvis .   k - +4 hand axe
rCold    . . .     Gourm    .   c - +3 shield
rNeg     + + .     Faith    .   b - +0 scale mail
rPois    .         Spirit   .   (no helmet)
rElec    .         Reflect  +   (no cloak)
rCorr    .         Harm     .   (no gloves)
MR       +....                  (no boots)
Stlth    ..........             v - +2 amulet of reflection
HPRegen  0.25/turn              (no ring)
MPRegen  0.15/turn              t - ring of protection from magic

@: glowing
A: no striking features
a: Divine Shield, Cleansing Flame, Summon Divine Warrior, Renounce Religion


You were on level 11 of the Dungeon.
You worshipped the Shining One.
The Shining One was extremely pleased with you.
You were not hungry.

You visited 2 branches of the dungeon, and saw 12 of its levels.
You also visited: Ossuary.

You collected 604 gold pieces.

Inventory:

Hand Weapons
 k - a +4 hand axe (weapon)
Armour
 b - a +0 scale mail (worn)
 c - a +3 shield (worn)
Jewellery
 j - an uncursed amulet of faith {unknown}
 t - a ring of protection from magic (right hand)
 v - a +2 amulet of reflection (around neck)
Wands
 a - a wand of iceblast (4)
 l - a wand of acid (5)
 y - a wand of flame (30)
Scrolls
 e - 3 scrolls of teleportation
 g - 3 scrolls of remove curse
 m - 3 scrolls of blinking
 u - a scroll of amnesia
 w - a scroll of vulnerability
 x - 2 scrolls of fear
Potions
 d - 3 potions of might
 h - 2 potions of brilliance
 i - a potion of lignification
 n - 2 potions of magic
 o - 4 potions of agility
 p - 8 potions of curing
 r - 2 potions of mutation {unknown}
 s - a potion of resistance
Miscellaneous
 C - a sack of spiders
Comestibles
 f - 20 rations
 z - 2 chunks of flesh


   Skills:
 + Level 8.8 Fighting
 * Level 12.5 Axes
 + Level 8.3 Armour
 + Level 2.5 Dodging
 * Level 10.9 Shields
 + Level 3.3 Fire Magic
 + Level 8.4 Invocations
 + Level 2.9 Evocations


You had 5 spell levels left.
You knew the following spells:

 Your Spells              Type           Power        Failure   Level  Hunger
a - Bolt of Magma         Conj/Fire/Erth #.........   100%        5    ######.

Your spell library contained the following spells:

 Spells                   Type           Power        Failure   Level  Hunger
 Freeze                   Ice            #...         83%         1    ##.....
 Shock                    Conj/Air       #...         83%         1    ##.....
 Swiftness                Chrm/Air       #.......     92%         2    ###....
 Throw Frost              Conj/Ice       #.....       92%         2    ###....
 Ozocubu's Armour         Chrm/Ice       #.......     99%         3    ####...
 Static Discharge         Conj/Air       #.......     99%         3    ####...
 Airstrike                Air            #.........   100%        4    #####..
 Summon Ice Beast         Ice/Summ       #.......     100%        4    #####..
 Throw Icicle             Conj/Ice       #.......     100%        4    #####..
 Iskenderun's Battlesphe  Conj/Chrm      #.......     100%        5    ######.
 Lightning Bolt           Conj/Air       #.........   100%        5    ######.
 Venom Bolt               Conj/Pois      #.........   100%        5    ######.
 Iron Shot                Conj/Erth      #.........   100%        6    #######
 Orb of Destruction       Conj           #.........   100%        7    #######
 Spellforged Servitor     Conj/Summ      #.........   100%        7    #######


Dungeon Overview and Level Annotations

Branches:
Dungeon (11/15)            Temple (1/1) D:7            Lair (0/6) D:10
    Orc (0/2) D:11

Altars:
Ashenzari
Cheibriados
Dithmenos
Elyvilon
Fedhas
Gozag
Hepliaklqana
Kikubaaqudgha
Makhleb
Nemelex Xobeh
Okawaru
Qazlal
Ru
Sif Muna
Trog
Uskayaw
Vehumet
Wu Jian
Xom
Yredelemnul
Zin
The Shining One
Beogh

Shops:
D:6 :%


Message History

You completely miss the yak.
The yak is almost dead.
You block the yak's attack.
You slash the yak!
You kill the yak!
You slash the yak!
The yak is moderately wounded.
You hit the yak.
The yak is heavily wounded.
The yak gores you.
* * * LOW HITPOINT WARNING * * *
You hit the yak.
The yak is heavily wounded.
You block the yak's attack.
You hit the yak.
The yak is severely wounded.
You slash the yak!
The yak is almost dead.
The yak gores you!
You die...

##.......##
##..8...8..##
#...........#
#.[.).8.....#
#.รท<[....<..#
#..[).8.....##+##
#...........#...##
##..8...8..##....##
##......@##......##
#....###Y........#
#.......'Y........+
......####(........#
##......
#))).########
#.#..##
#....8#.....#
#)...)#)....#
##[>..'=._..#
#....#)....#


You could see 2 yaks.

Vanquished Creatures
  2 two-headed ogres
  Joseph (D:7)
  2 hippogriffs
  A wyvern (D:9)
  13 yaks
  Eustachio (D:6)
  Grum (D:11)
  2 water moccasins (D:11)
  4 orc warriors
  3 necrophages
  7 sky beasts
  2 ice beasts
  6 ogres
  6 phantoms
  3 black bears (D:7)
  2 wolves (D:11)
  A crocodile (D:8)
  A centaur (D:8)
  A big kobold (D:10)
  6 bullfrogs
  A gnoll sergeant (D:7)
  A water moccasin zombie (D:5)
  14 scorpions
  9 wights
  14 killer bees
  3 howler monkeys
  A lava snake (D:7)
  7 crimson imps
  2 bullfrog zombies
  4 centaur zombies
  4 jellies
  4 centaur skeletons
  5 hounds
  A human zombie (Ossuary)
  15 orc wizards
  6 orc priests
  3 bullfrog skeletons
  2 iguanas
  5 worker ants
  A killer bee zombie (D:10)
  A big kobold zombie (Ossuary)
  3 mummies (Ossuary)
  A worker ant zombie (D:5)
  2 hound skeletons
  9 adders
  8 gnolls
  3 scorpion zombies (Ossuary)
  4 shadow imps
  An adder zombie (D:6)
  2 adder skeletons
  2 worms (D:3)
  2 dart slugs (D:1)
  7 leopard geckos
  36 orcs
  A ball python (D:5)
  6 bats
  3 giant cockroaches
  5 gnoll zombies (Ossuary)
  13 hobgoblins
  5 jackals
  4 quokkas
  5 frilled lizards
  4 goblins
  2 goblin zombies (Ossuary)
  A hobgoblin zombie (Ossuary)
  A jackal zombie (D:5)
  13 kobolds
  3 kobold zombies (Ossuary)
  A leopard gecko skeleton (D:4)
  4 orc zombies (Ossuary)
  3 rats
322 creatures vanquished.

Vanquished Creatures (others)
  A centaur (D:10)
  An orc (D:8)
  An orc zombie (Ossuary)
3 creatures vanquished.

Grand Total: 325 creatures vanquished

Notes
Turn   | Place    | Note
-------+----------+-------------------------------------------
     0 | D:1      | MalarOregon the Hill Orc Fighter began the quest for the
                  | Orb.
     0 | D:1      | Reached XP level 1. HP: 19/19 MP: 1/1
    36 | D:1      | Reached skill level 3 in Axes
   100 | D:1      | Reached XP level 2. HP: 21/27 MP: 2/2
   371 | D:1      | Reached XP level 3. HP: 33/33 MP: 3/3
   776 | D:2      | Reached XP level 4. HP: 21/40 MP: 4/4
   814 | D:1      | Reached skill level 4 in Axes
  1447 | D:2      | Found a glowing golden altar of the Shining One.
  1468 | D:2      | Found a stormy altar of Qazlal.
  1469 | D:2      | Found a snail-covered altar of Cheibriados.
  1469 | D:2      | Found a basalt altar of Yredelemnul.
  1592 | D:2      | Became a worshipper of the Shining One
  1740 | D:2      | Found an ornate altar of the Wu Jian Council.
  1956 | D:3      | Reached XP level 5. HP: 44/46 MP: 5/5
  2074 | D:3      | Found a hide-covered altar of Uskayaw.
  2482 | D:3      | Reached skill level 1 in Invocations
  2617 | D:4      | Reached skill level 5 in Axes
  2617 | D:4      | Reached XP level 6. HP: 33/53 MP: 5/7
  2791 | D:4      | Reached skill level 5 in Shields
  3123 | D:4      | Found a bloodstained altar of Trog.
  3123 | D:4      | Found an iron altar of Okawaru.
  3253 | D:4      | Reached XP level 7. HP: 60/60 MP: 8/8
  3304 | D:4      | Reached skill level 5 in Fighting
  3304 | D:4      | Reached skill level 6 in Axes
  3468 | D:5      | Entered Level 5 of the Dungeon
  4495 | D:5      | Reached * piety under the Shining One
  4830 | D:6      | Found a sand-covered staircase.
  4838 | D:6      | Reached XP level 8. HP: 67/68 MP: 10/10
  4867 | Ossuary  | Entered an ossuary
  4905 | Ossuary  | Reached skill level 7 in Axes
  4905 | Ossuary  | Reached skill level 5 in Armour
  4920 | Ossuary  | Reached ** piety under the Shining One
  5245 | Ossuary  | Reached *** piety under the Shining One
  5258 | Ossuary  | Reached skill level 8 in Axes
  5308 | Ossuary  | Reached XP level 9. HP: 37/75 MP: 12/12
  5717 | D:6      | Reached skill level 5 in Invocations
  5863 | D:6      | Found Biadugy's Food Shop.
  5997 | D:6      | Found Otygocw's Book Boutique.
  6012 | D:6      | Noticed Eustachio
  6040 | D:6      | Killed Eustachio
  6072 | D:6      | Reached skill level 9 in Axes
  6740 | D:7      | Found a staircase to the Ecumenical Temple.
  6776 | D:7      | Noticed Joseph
  6776 | D:7      | Reached **** piety under the Shining One
  6789 | D:7      | Killed Joseph
  6791 | D:7      | Reached skill level 10 in Axes
  6791 | D:7      | Reached XP level 10. HP: 35/86 MP: 14/14
  7887 | Temple   | Entered the Ecumenical Temple
  8293 | D:8      | Reached skill level 11 in Axes
  9012 | D:8      | Learned a level 5 spell: Bolt of Magma
  9115 | D:9      | Reached ***** piety under the Shining One
  9324 | D:9      | Reached skill level 1 in Evocations
  9329 | D:9      | Reached skill level 10 in Shields
  9330 | D:9      | Reached skill level 1 in Fire Magic
  9506 | D:9      | Found a shimmering altar of Xom.
  9569 | D:9      | Reached skill level 1 in Dodging
  9569 | D:9      | Reached XP level 11. HP: 81/92 MP: 16/16
  9570 | D:9      | Found a burning altar of Makhleb.
  9768 | D:9      | Found a shadowy altar of Dithmenos.
  9768 | D:9      | Found a sparkling altar of Nemelex Xobeh.
  9769 | D:9      | Found a blossoming altar of Fedhas.
  9946 | D:10     | Entered Level 10 of the Dungeon
 10012 | D:10     | Found a staircase to the Lair.
 10232 | D:10     | Noticed a two-headed ogre
 10608 | D:9      | Killed a two-headed ogre
 10614 | D:9      | Reached skill level 12 in Axes
 11046 | D:10     | Noticed a two-headed ogre
 11860 | D:10     | Killed a two-headed ogre
 12453 | D:11     | Found a staircase to the Orcish Mines.
 12459 | D:11     | Noticed Grum
 12481 | D:11     | Killed Grum
 12537 | D:11     | Found a roughly hewn altar of Beogh.
 12611 | D:11     | Slain by a yak

Skill      XL: |  1  2  3  4  5  6  7  8  9 10 11 |
---------------+----------------------------------+-----
Axes           | 3 4 5 6 8 10 11 12 | 12.5
Fighting       | 4 5 6 7 8 |  8.8
Shields        | 4 5 6 7 8 10 | 10.9
Invocations    | 1 2 3 4 6 7 8 |  8.4
Armour         | 4 5 6 7 8 |  8.3
Evocations     | 1 2 |  2.9
Fire Magic     | 1 3 |  3.3
Dodging        | 1 2 |  2.5

Action                   |  1- 3 |  4- 6 |  7- 9 | 10-12 || total
-------------------------+-------+-------+-------+-------++-------
Melee: War axe           |    92 |   172 |   335 |   139 ||   738
       Staff             |       |       |   322 |       ||   322
       Hand axe          |       |       |       |   529 ||   529
  Use: Scroll            |       |    11 |     8 |     9 ||    28
       Potion            |       |       |     3 |     4 ||     7
  Eat: Chunk             |       |    12 |    11 |    15 ||    38
       Ration            |       |       |       |     1 ||     1
Armor: Scale mail        |    38 |    79 |   163 |   124 ||   404
       Skin              |       |       |    19 |     6 ||    25
Dodge: Dodged            |    33 |    39 |   126 |   120 ||   318
Block: Shield            |    46 |   101 |   432 |   485 ||  1064
       Reflection        |       |       |     2 |    19 ||    21
